[Event "ICC tourney 2067 (45 10)"]
[Site "Internet Chess Club"]
[Date "2020.10.17"]
[Round "1"]
[White "SanthoshA"]
[Black "VincentT2008"]
[Result "0-1"]
[ICCResult "White checkmated"]
[WhiteElo "1529"]
[BlackElo "1807"]
[Opening "Giuoco Pianissimo"]
[ECO "C55"]
[NIC "IG.01"]
[Time "11:07:27"]
[TimeControl "2700+10"]

1. e4 e5 2. Nf3 Nc6 3. Bc4 Nf6 4. d3 Bc5 5. O-O d6 6. h3 h6 7. Nc3 O-O 8.
Be3 Bb6 9. Nd5 Na5 10. Nxf6+ Qxf6 11. Bb3 Nxb3 12. axb3 Be6 13. Qd2 Bxh3 14.
Nxe5 Bxg2 15. Kxg2 dxe5 16. f3 Bxe3 17. Qxe3 Qf4 18. Qxf4 exf4 19. Kh3 f5
20. exf5 Rxf5 21. Kg4 Rf7 22. Rfe1 a6 23. Re4 g5 24. Rh1 Kg7 25. Rhe1 Raf8
26. Re7 c6 27. R7e4 Kg6 28. Rh1 Rh8 29. Re6+ Rf6 30. Rxf6+ Kxf6 31. Rh5 Kg6
32. c3 Re8 33. Rh2 Re1 34. d4 Rg1+ 35. Kh3 Rg3# {White checkmated} 0-1

[Event "ICC tourney 2067 (45 10)"]
[Site "Internet Chess Club"]
[Date "2020.10.17"]
[Round "1"]
[White "amandapati"]
[Black "AJ2000"]
[Result "1-0"]
[ICCResult "Black resigns"]
[WhiteElo "1934"]
[BlackElo "1634"]
[Opening "Grünfeld: 5.e3"]
[ECO "D94"]
[NIC "GI.09"]
[Time "11:06:36"]
[TimeControl "2700+10"]

1. d4 Nf6 2. Nf3 g6 3. c4 Bg7 4. Nc3 d5 5. e3 O-O 6. Be2 c5 7. dxc5 Qa5 8.
Qa4 Qxc5 9. Nxd5 Nxd5 10. cxd5 Qxd5 11. O-O Bd7 12. Qh4 Bf6 13. e4 Qd6 14.
Bg5 Rd8 15. e5 Bxg5 16. Nxg5 Qxe5 17. Qxh7+ {Black resigns} 1-0

[Event "ICC tourney 2067 (45 10)"]
[Site "Internet Chess Club"]
[Date "2020.10.17"]
[Round "1"]
[White "soggydollar"]
[Black "Khammurabi"]
[Result "1-0"]
[ICCResult "Black resigns"]
[WhiteElo "1797"]
[BlackElo "1528"]
[Opening "Scandinavian gambit"]
[ECO "B01"]
[NIC "SD.03"]
[Time "11:06:38"]
[TimeControl "2700+10"]

1. e4 d5 2. exd5 Nf6 3. c4 c6 4. dxc6 Nxc6 5. Nf3 e5 6. d3 Bg4 7. Be2 Bc5 8.
Nc3 Qd7 9. O-O h5 10. a3 O-O-O 11. b4 Bd4 12. Bd2 Qf5 13. b5 Ne7 14. Nxd4
exd4 15. Na4 Ng6 16. f3 Qe5 17. fxg4 hxg4 18. Bxg4+ Nxg4 19. Qxg4+
{Black resigns}
1-0

[Event "ICC tourney 2067 (45 10)"]
[Site "Internet Chess Club"]
[Date "2020.10.17"]
[Round "1"]
[White "meghna"]
[Black "incredibleking"]
[Result "1-0"]
[ICCResult "Black checkmated"]
[WhiteElo "1969"]
[BlackElo "1639"]
[Opening "Ruy Lopez: open (Tarrasch) defense"]
[ECO "C80"]
[NIC "RL.27"]
[Time "11:06:36"]
[TimeControl "2700+10"]

1. e4 e5 2. Nf3 Nc6 3. Bb5 Nf6 4. O-O a6 5. Ba4 Nxe4 6. Re1 Nd6 7. Nxe5 Nxe5
8. Rxe5+ Be7 9. Qe1 b5 10. Bb3 Bb7 11. Nc3 f6 12. Re2 a5 13. a3 a4 14. Ba2
Nf7 15. d4 d5 16. Bf4 c6 17. Rd1 Nd6 18. Bxd6 Qxd6 19. Rd3 Kf7 20. Ne4 Qd7
21. Rf3 Rhe8 22. Ng5+ Kg8 23. Rfe3 Kf8 24. Nxh7+ Kf7 25. Rf3 Kg8 26. Rg3
Kxh7 27. Rge3 Bb4 28. axb4 Rxe3 29. Rxe3 Kg8 30. Re7 Qc8 31. c3 Ra7 32. Re8+
Qxe8 33. Qxe8+ Kh7 34. Bb1+ g6 35. Qxg6+ Kh8 36. Qh7# {Black checkmated} 1-0

[Event "ICC tourney 2067 (45 10)"]
[Site "Internet Chess Club"]
[Date "2020.10.17"]
[Round "1"]
[White "chessmilano"]
[Black "ChessStar22"]
[Result "0-1"]
[ICCResult "White resigns"]
[WhiteElo "1663"]
[BlackElo "1442"]
[Opening "Queen's pawn"]
[ECO "A40"]
[NIC "QO.17"]
[Time "11:06:36"]
[TimeControl "2700+10"]

1. d4 c6 2. Bf4 d5 3. e3 Nf6 4. Nf3 Bg4 5. h3 Bxf3 6. gxf3 e6 7. Bd3 Bd6 8.
Bxd6 Qxd6 9. Nd2 Nbd7 10. f4 c5 11. c3 cxd4 12. cxd4 a6 13. Qb3 b5 14. O-O-O
Nb6 15. Kb1 O-O-O 16. Rc1+ Kb7 17. Nf3 Nfd7 18. Ne5 Nxe5 19. fxe5 Qe7 20. h4
h6 21. f4 Rc8 22. h5 Rxc1+ 23. Rxc1 Rc8 24. Rxc8 Kxc8 25. Qc2+ Qc7 26. Qg2
Nc4 27. Qxg7 Nd2+ {White resigns} 0-1

[Event "ICC tourney 2067 (45 10)"]
[Site "Internet Chess Club"]
[Date "2020.10.17"]
[Round "1"]
[White "Threehundreds"]
[Black "saikanth"]
[Result "0-1"]
[ICCResult "White resigns"]
[WhiteElo "1444"]
[BlackElo "1742"]
[Opening "Caro-Kann: advance variation"]
[ECO "B12"]
[NIC "CK.04"]
[Time "11:06:41"]
[TimeControl "2700+10"]

1. e4 c6 2. d4 d5 3. e5 Bf5 4. Nf3 e6 5. Nc3 Nd7 6. a3 c5 7. dxc5 Bxc5 8.
Bd2 a6 9. Bf4 Ne7 10. Bd3 Bg6 11. O-O O-O 12. Re1 Qc7 13. Nh4 b5 14. Nxg6
fxg6 15. Be3 d4 16. Be4 dxe3 17. Rxe3 Bxe3 18. Bxa8 Bxf2+ 19. Kh1 Rxa8 20.
Qe2 Bb6 21. Rd1 Nf8 22. Ne4 Qxe5 23. Rf1 Bc7 24. Qf3 {White resigns} 0-1

[Event "ICC tourney 2067 (45 10)"]
[Site "Internet Chess Club"]
[Date "2020.10.17"]
[Round "1"]
[White "LoopyLoop"]
[Black "shanmukha123"]
[Result "0-1"]
[ICCResult "White resigns"]
[WhiteElo "1608"]
[BlackElo "1930"]
[Opening "Caro-Kann: exchange, Rubinstein variation"]
[ECO "B13"]
[NIC "CK.02"]
[Time "11:06:54"]
[TimeControl "2700+10"]

1. e4 c6 2. d4 d5 3. exd5 cxd5 4. Bd3 Nf6 5. c3 Nc6 6. Bf4 a6 7. Nd2 Bg4 8.
Qb3 Na5 9. Qc2 e6 10. Ngf3 Bd6 11. Bxd6 Qxd6 12. Qa4+ Nc6 13. Ne5 O-O 14.
Ndf3 Bxf3 15. Nxf3 e5 16. dxe5 Nxe5 17. Nxe5 Qxe5+ 18. Kd2 Qg5+ 19. Kc2 Qxg2
20. Qd4 Ne4 21. Raf1 Qf3 22. Rhg1 Qf6 23. Qxd5 Nd6 24. Qh5 g6 25. Qh6 Rad8
26. h4 Rfe8 27. h5 Nf5 28. Qf4 Nd4+ 29. Qxd4 Rxd4 30. cxd4 Qxd4 31. Rd1 Qc5+
32. Kb1 Qxh5 33. Rh1 Qf3 34. Bc4 Qe4+ 35. Bd3 Qf4 36. Rc1 Rd8 37. Bc4 Rd2
38. Bb3 Qd4 39. Rc2 Rxc2 40. Bxc2 Qxf2 41. Rd1 h5 42. Rd8+ Kg7 43. Rd7 h4
44. Rd1 h3 45. Be4 Qe2 46. Rd4 h2 47. Bxb7 Qe3 48. Rd1 g5 49. Rh1 g4 50. a3
g3 51. Bg2 Qg1+ {White resigns} 0-1

[Event "ICC tourney 2067 (45 10)"]
[Site "Internet Chess Club"]
[Date "2020.10.17"]
[Round "1"]
[White "marinaxiao"]
[Black "adwaysane"]
[Result "1-0"]
[ICCResult "Black checkmated"]
[WhiteElo "1435"]
[BlackElo "1467"]
[Opening "Giuoco Piano"]
[ECO "C54"]
[NIC "IG.02"]
[Time "11:06:43"]
[TimeControl "2700+10"]

1. e4 e5 2. Nf3 Nc6 3. Bc4 Bc5 4. c3 Nf6 5. d3 a6 6. a4 Ba7 7. Bg5 h6 8. Bh4
d6 9. O-O Bg4 10. Qb3 Qd7 11. Nbd2 Na5 12. Qa2 Nxc4 13. Qxc4 g5 14. Bg3 Be6
15. Qb4 Bc5 16. Qxb7 O-O 17. d4 exd4 18. cxd4 Rfb8 19. Qxa8 Rxa8 20. dxc5
dxc5 21. Rad1 Qxa4 22. Bxc7 Nxe4 23. Ra1 Qc6 24. Nxe4 Qxe4 25. Rfe1 Qc6 26.
Bg3 Rd8 27. Ne5 Qb5 28. h4 Rd2 29. hxg5 hxg5 30. Red1 Rxd1+ 31. Rxd1 Qxb2
32. Nc6 c4 33. Be5 Qb5 34. Rd8+ Kh7 35. Rh8+ Kg6 36. Ne7# {Black checkmated}
1-0

[Event "ICC tourney 2067 (45 10)"]
[Site "Internet Chess Club"]
[Date "2020.10.17"]
[Round "1"]
[White "michaelxiao"]
[Black "tigertiger2019"]
[Result "0-1"]
[ICCResult "White resigns"]
[WhiteElo "1324"]
[BlackElo "1664"]
[Opening "English, 1...Nf6 (Anglo-Indian defense)"]
[ECO "A15"]
[NIC "EO.64"]
[Time "11:07:06"]
[TimeControl "2700+10"]

1. c4 Nf6 2. g3 g6 3. Bg2 Bg7 4. Nf3 O-O 5. O-O d6 6. Nc3 c5 7. e3 Nc6 8. d4
cxd4 9. Nxd4 Nxd4 10. exd4 Qc7 11. b3 Bd7 12. Bb2 a6 13. Re1 e6 14. Rb1 Rac8
15. d5 e5 16. a4 Ne8 17. Ba3 f5 18. f4 exf4 19. gxf4 Bxc3 20. Re7 Bf6 21.
Re1 Qb6+ 22. Kh1 Ng7 23. Qd3 Rfe8 24. Rxe8+ Rxe8 25. Qd2 Bd4 26. Re1 Rxe1+
27. Qxe1 Be3 28. Bxd6 Qxb3 29. Qh4 Qd1+ {White resigns} 0-1

[Event "ICC tourney 2067 (45 10)"]
[Site "Internet Chess Club"]
[Date "2020.10.17"]
[Round "1"]
[White "aarm2008"]
[Black "mnm1"]
[Result "1-0"]
[ICCResult "Black checkmated"]
[WhiteElo "1691"]
[BlackElo "1344"]
[Opening "Sicilian defense"]
[ECO "B20"]
[NIC "SI.48"]
[Time "11:06:44"]
[TimeControl "2700+10"]

1. e4 c5 2. a3 d6 3. Nc3 Nc6 4. Bc4 Nf6 5. d3 e6 6. f4 a6 7. Ba2 b5 8. Nf3
Be7 9. O-O O-O 10. h3 Nh5 11. Qe1 Bb7 12. g4 Nf6 13. g5 Nd7 14. h4 Nb6 15.
Nh2 d5 16. Ng4 c4 17. f5 Nd4 18. Qf2 Bc5 19. Be3 dxe4 20. Nxe4 Bxe4 21. dxe4
Qd6 22. Rad1 e5 23. c3 Nb3 24. Rxd6 Bxd6 25. Bxb3 cxb3 26. Bxb6 Rfc8 27. Rd1
Bxa3 28. bxa3 Rxc3 29. Qd2 Rcc8 30. f6 gxf6 31. gxf6 h5 32. Qg5+ Kf8 33.
Qg7+ Ke8 34. Qg8# {Black checkmated} 1-0

[Event "ICC tourney 2067 (45 10)"]
[Site "Internet Chess Club"]
[Date "2020.10.17"]
[Round "1"]
[White "ybabji"]
[Black "castle2king"]
[Result "1-0"]
[ICCResult "Black checkmated"]
[WhiteElo "1821"]
[BlackElo "1545"]
[Opening "Giuoco Piano"]
[ECO "C54"]
[NIC "IG.02"]
[Time "11:06:33"]
[TimeControl "2700+10"]

1. e4 e5 2. Nf3 Nc6 3. Bc4 Bc5 4. c3 Nf6 5. d3 O-O 6. h3 d5 7. exd5 Nxd5 8.
O-O Nb6 9. Bb3 h6 10. Re1 Bd6 11. Be3 Re8 12. Nbd2 Bf5 13. Ne4 Qe7 14. Qd2
a5 15. a3 Be6 16. c4 Ra6 17. Bc2 f5 18. Nc3 Nd7 19. Qe2 f4 20. Bd2 g5 21.
Qe4 Qg7 22. g4 fxg3 23. fxg3 Nc5 24. Qe2 Bxh3 25. Be3 Bg4 26. Qg2 Rf8 27.
Nd2 Nd4 28. Bxd4 exd4 29. Nb5 Be5 30. Qd5+ Re6 31. Qxc5 Bxg3 32. Rxe6 Bf2+
33. Kg2 Bxe6 34. Nxc7 Bh3+ 35. Kxh3 Qd7+ 36. Kh2 Qg4 37. Qe5 Qh4+ 38. Kg2
Qg4+ 39. Kh1 Qh3+ 40. Qh2 Qe3 41. Qh5 Bh4 42. Qg6+ Kh8 43. Qxh6+ Kg8 44.
Qe6+ Kh7 45. Qd7+ Kh6 46. Qe6+ Kh5 47. Bd1+ g4 48. Bxg4+ Kg5 49. Ne4+ Kf4
50. Nd5# {Black checkmated} 1-0

[Event "ICC tourney 2067 (45 10)"]
[Site "Internet Chess Club"]
[Date "2020.10.17"]
[Round "1"]
[White "ScoutViolet"]
[Black "vrashank"]
[Result "0-1"]
[ICCResult "White resigns"]
[WhiteElo "1638"]
[BlackElo "1973"]
[Opening "French: Winawer, advance, poisoned pawn variation"]
[ECO "C18"]
[NIC "FR.11"]
[Time "11:06:50"]
[TimeControl "2700+10"]

1. e4 e6 2. d4 d5 3. Nc3 Bb4 4. e5 c5 5. a3 Bxc3+ 6. bxc3 Ne7 7. Qg4 Qc7 8.
Qxg7 Rg8 9. Qxh7 cxd4 10. Qd3 dxc3 11. Ne2 Qxe5 12. Bf4 Qh8 13. Qxc3 Nbc6
14. Qxh8 Rxh8 15. Nc3 e5 16. Bg3 Be6 17. Rb1 O-O-O 18. Na4 b6 19. Ba6+ Kd7
20. Bb5 f6 21. h3 Bf5 22. Rc1 Ke6 23. c4 Nd4 24. cxd5+ Nxd5 25. Bc4 Ke7 26.
Bxd5 Rxd5 27. Rc7+ Rd7 28. Rxd7+ Bxd7 29. Nc3 Rc8 30. Kd2 Nb3+ 31. Kd1 Rxc3
32. Ke2 Bb5+ {White resigns} 0-1

[Event "ICC tourney 2067 (45 10)"]
[Site "Internet Chess Club"]
[Date "2020.10.17"]
[Round "1"]
[White "che2468"]
[Black "Luc2008"]
[Result "1/2-1/2"]
[ICCResult "Game drawn by mutual agreement"]
[WhiteElo "1399"]
[BlackElo "1677"]
[Opening "Queen's pawn game"]
[ECO "D00"]
[NIC "QP.07"]
[Time "11:06:51"]
[TimeControl "2700+10"]

1. d4 Nf6 2. Nc3 d5 3. Bf4 a6 4. Nf3 Bf5 5. e3 e6 6. a3 Bd6 7. Ne5 Nbd7 8.
Bd3 Bxd3 9. Qxd3 Bxe5 10. dxe5 Ng4 11. Qd4 c5 12. Qd1 Ngxe5 13. Qh5 Qf6 14.
O-O Qg6 15. Qe2 Ng4 16. Rad1 Ngf6 17. Rd2 Ne4 18. Nxe4 Qxe4 19. f3 Qg6 20.
c4 Nf6 21. Rfd1 O-O 22. Bd6 Rfc8 23. Be5 dxc4 24. Qxc4 Nd5 25. Qb3 b5 26. e4
c4 27. Qa2 Qg5 28. exd5 Qxe5 29. d6 Rd8 30. Qb1 Ra7 31. Qe4 Qxe4 32. fxe4 f6
33. Kf2 Kf7 34. e5 fxe5 35. Ke3 a5 36. Ke4 b4 37. Rf1+ Ke8 38. Kxe5 Ra6 39.
Kxe6 c3 40. bxc3 bxc3 41. Rd3 Rc6 42. Rc1 Rd7 43. Rcxc3 Rdxd6+ 44. Rxd6 Rxc3
45. Ra6 Re3+ 46. Kf5 Rxa3 47. Ra8+ Ke7 48. Ra7+ Kf8 49. Ra8+ Ke7 50. Ra7+
Kf8 {Game drawn by mutual agreement} 1/2-1/2

[Event "ICC tourney 2067 (45 10)"]
[Site "Internet Chess Club"]
[Date "2020.10.17"]
[Round "1"]
[White "Deveshc"]
[Black "wahoo"]
[Result "0-1"]
[ICCResult "White checkmated"]
[WhiteElo "1499"]
[BlackElo "1771"]
[Opening "Giuoco Piano"]
[ECO "C50"]
[NIC "IG.02"]
[Time "11:06:47"]
[TimeControl "2700+10"]

1. e4 e5 2. Nf3 Nc6 3. Bc4 Bc5 4. O-O Nf6 5. d4 Bxd4 6. Nxd4 Nxd4 7. f4 d6
8. c3 Nc6 9. h3 O-O 10. Re1 Re8 11. f5 Na5 12. Bb3 Nxb3 13. Qxb3 d5 14. g4
Nxe4 15. c4 c6 16. cxd5 cxd5 17. Nd2 Qh4 18. Re2 Nxd2 19. Bxd2 b6 20. Be1
Qd8 21. Bg3 e4 22. Rc1 Ba6 23. Rd2 Qg5 24. Rcd1 Bc4 25. Qc3 e3 26. Rc2 e2
27. Re1 Re3 28. Qd2 Rxg3+ 29. Kh2 Qh4 30. Qh6 Rxh3+ 31. Kg1 Qg3#
{White checkmated}
0-1

[Event "ICC tourney 2067 (45 10)"]
[Site "Internet Chess Club"]
[Date "2020.10.17"]
[Round "1"]
[White "che8642"]
[Black "awakeflood"]
[Result "0-1"]
[ICCResult "White checkmated"]
[WhiteElo "1520"]
[BlackElo "1786"]
[Opening "Queen's pawn: Chigorin variation"]
[ECO "D00"]
[NIC "QP.08"]
[Time "11:06:55"]
[TimeControl "2700+10"]

1. d4 d5 2. Nc3 Nf6 3. Bf4 c5 4. e3 a6 5. dxc5 Nc6 6. Na4 e5 7. Bg5 Bxc5 8.
Nxc5 Qa5+ 9. c3 Qxc5 10. Nf3 Ne4 11. Bh4 Bg4 12. Be2 O-O 13. Qc2 Bf5 14. Bd3
Bg6 15. Ng5 Nxg5 16. Bxg6 Nf3+ 17. gxf3 fxg6 18. Bg3 Rxf3 19. h4 d4 20. Qb3+
Kh8 21. Qxb7 Rb8 22. exd4 Qd5 23. Qxb8+ Nxb8 24. Bxe5 Nc6 25. O-O-O Qxa2 26.
Bg3 Na5 27. Rhe1 h6 28. Re8+ Kh7 29. Re7 Rxc3+ 30. Kd2 Qxb2+ 31. Ke1 Rxg3
32. Rxg7+ Kxg7 33. fxg3 Nb3 34. d5 Nd4 35. Rd2 Nf3+ 36. Kf1 Qxd2 37. d6 Qxd6
38. g4 Qd2 39. h5 Nh2+ 40. Kg1 Nxg4 41. hxg6 Qf2+ 42. Kh1 Qh2#
{White checkmated}
0-1

[Event "ICC tourney 2067 (45 10)"]
[Site "Internet Chess Club"]
[Date "2020.10.17"]
[Round "1"]
[White "landonp"]
[Black "Almanac2050"]
[Result "0-1"]
[ICCResult "White resigns"]
[WhiteElo "1340"]
[BlackElo "1606"]
[Opening "French: Tarrasch, closed variation"]
[ECO "C05"]
[NIC "FR.17"]
[Time "11:06:38"]
[TimeControl "2700+10"]

1. e4 e6 2. d4 d5 3. Nd2 Nf6 4. e5 Nfd7 5. Bd3 c5 6. c3 Nc6 7. Ne2 Qb6 8.
Nf3 Be7 9. O-O O-O 10. Re1 f6 11. exf6 Nxf6 12. dxc5 Bxc5 13. Ned4 Kh8 14.
Qc2 Nxd4 15. cxd4 Bxd4 16. Nh4 Bd7 17. Bxh7 Nxh7 18. Ng6+ Kg8 19. Nxf8 Rxf8
20. Be3 Qxb2 21. Qxb2 Bxb2 22. Rab1 Bc3 23. Red1 Ba4 24. Rd3 Bc2 25. Rxc3
Bxb1 26. Rb3 Bxa2 27. Rxb7 a6 28. Rb6 Bc4 29. Rxe6 Rb8 30. h3 Rb1+ 31. Kh2
d4 32. Bxd4 Bxe6 {White resigns} 0-1

[Event "ICC tourney 2067 (45 10)"]
[Site "Internet Chess Club"]
[Date "2020.10.17"]
[Round "1"]
[White "chessboy2020"]
[Black "Eeshaan16"]
[Result "1-0"]
[ICCResult "Black resigns"]
[WhiteElo "1665"]
[BlackElo "1898"]
[Opening "Sicilian: Kan, 5.Nc3"]
[ECO "B43"]
[NIC "SI.41"]
[Time "11:06:37"]
[TimeControl "2700+10"]

1. e4 c5 2. Nf3 e6 3. d4 cxd4 4. Nxd4 a6 5. Nc3 b5 6. Be3 Bb7 7. Qd2 Qc7 8.
O-O-O b4 9. Na4 Bxe4 10. Nb3 Nc6 11. Nb6 Rd8 12. f3 Bg6 13. Nc4 Rb8 14. Bf4
e5 15. Nxe5 Nxe5 16. Bxe5 d6 17. Bg3 a5 18. Nd4 Be7 19. Nb5 Qc6 20. Nxd6+
Bxd6 21. Bxd6 Rd8 22. Qe2+ Kd7 23. Be7+ Kc7 24. Bxd8+ Kb7 25. Qb5+ Qxb5 26.
Bxb5 Nf6 27. Bxf6 gxf6 28. Bd3 f5 29. g4 Rc8 30. Bxf5 Bxf5 31. gxf5 a4 32.
Rhe1 b3 33. axb3 axb3 34. c3 Ra8 35. Re7+ Kc6 36. Rxf7 Ra1+ 37. Kd2 Ra2 38.
Rb1 {Black resigns} 1-0

[Event "ICC tourney 2067 (45 10)"]
[Site "Internet Chess Club"]
[Date "2020.10.17"]
[Round "1"]
[White "JGroder"]
[Black "DanielA1926"]
[Result "1/2-1/2"]
[ICCResult "Game drawn by repetition"]
[WhiteElo "1745"]
[BlackElo "1529"]
[Opening "Sicilian"]
[ECO "B54"]
[NIC "SI.01"]
[Time "11:06:42"]
[TimeControl "2700+10"]

1. e4 c5 2. Nf3 d6 3. d4 cxd4 4. Nxd4 a6 5. c4 e6 6. Nc3 Nf6 7. Be3 Be7 8.
Be2 O-O 9. Qd2 Nbd7 10. O-O-O Nc5 11. f3 Qc7 12. g4 d5 13. exd5 exd5 14. Kb1
dxc4 15. Bxc4 Be6 16. Nxe6 Nxe6 17. Nd5 Nxd5 18. Bxd5 Rfd8 19. Qc3 Qxc3 20.
bxc3 Rac8 21. c4 Rd7 22. f4 b5 23. cxb5 axb5 24. Bb3 Rxd1+ 25. Rxd1 Rd8 26.
Rd5 Rxd5 27. Bxd5 Kf8 28. f5 Nc7 29. Bc6 Bd6 30. h4 Ke7 31. g5 g6 32. Be4
Bg3 33. fxg6 fxg6 34. h5 Kf7 35. hxg6+ hxg6 36. Kc2 Bh4 37. Kc3 Kg7 38. Kb4
Ne6 39. Kxb5 Nxg5 40. Bd5 Kf6 41. Bd4+ Kf5 42. a4 Be1 43. a5 Bxa5 44. Kxa5
Ne4 45. Kb4 g5 46. Kc4 Nf6 47. Bc6 Nh5 48. Ba7 g4 49. Kd3 g3 50. Ke2 Nf4+
51. Kf1 g2+ 52. Kg1 Kg4 53. Kh2 Kf5 54. Bd7+ Ke4 55. Bc6+ Kf5 56. Bf3 Kg5
57. Be3 Kf5 58. Bb7 Ke5 59. Ba7 Kf5 60. Bb8 Kg4 61. Bc8+ Kf3 62. Ba7 Ke4 63.
Bb7+ Kf5 64. Kg3 Kg5 65. Ba6 Kf5 66. Bb5 Ke5 67. Bb8+ Kf6 68. Ba7 Ke5 69.
Be3 Kf5 70. Bc4 Ke4 71. Ba7 Kf5 72. Ba6 Ke5 73. Bb8+ Ke4 74. Bb7+ Kf5 75.
Bc8+ Ke4 76. Bb7+ Kf5 77. Kh2 Kg4 78. Ba7 Kf5 {Game drawn by repetition}
1/2-1/2

[Event "ICC tourney 2067 (45 10)"]
[Site "Internet Chess Club"]
[Date "2020.10.17"]
[Round "1"]
[White "Niteshc"]
[Black "runtilmorrow1"]
[Result "1/2-1/2"]
[ICCResult "Game drawn by repetition"]
[WhiteElo "1659"]
[BlackElo "1972"]
[Opening "Sicilian: Smith-Morra gambit"]
[ECO "B21"]
[NIC "SI.47"]
[Time "11:06:37"]
[TimeControl "2700+10"]

1. e4 c5 2. d4 cxd4 3. c3 Nf6 4. e5 Nd5 5. Nf3 Nc6 6. Bc4 Nb6 7. Bb3 d5 8.
cxd4 Bf5 9. Nc3 e6 10. Bg5 Qd7 11. O-O Rc8 12. a3 h6 13. Be3 Be7 14. h3 Na5
15. Bc2 Bxc2 16. Qxc2 O-O 17. Nd2 Rc7 18. f4 Rfc8 19. f5 Nac4 20. fxe6 Qxe6
21. Nxc4 Nxc4 22. Qe2 Nxb2 23. Nb5 Rc2 24. Qf3 a6 25. Nd6 Bxd6 26. exd6 R8c3
27. Rae1 Nc4 28. Bf4 Qf5 29. Qg4 Qxg4 30. hxg4 Nb6 31. Re8+ Kh7 32. Be5 f6
33. Bxf6 gxf6 34. Rxf6 Kg7 35. Rfe6 Rxa3 36. R8e7+ Kf8 37. Rxh6 Kg8 38. Rg6+
Kf8 39. Rf6+ Kg8 40. Rg6+ Kf8 41. Rf6+ Kg8 42. Rg6+ Kf8 43. Rf6+
{Game drawn by repetition}
1/2-1/2

[Event "ICC tourney 2067 (45 10)"]
[Site "Internet Chess Club"]
[Date "2020.10.17"]
[Round "1"]
[White "psampat"]
[Black "tcrgm"]
[Result "1-0"]
[ICCResult "Black resigns"]
[WhiteElo "1873"]
[BlackElo "1599"]
[Opening "French: Winawer, advance variation"]
[ECO "C18"]
[NIC "FR.11"]
[Time "11:06:32"]
[TimeControl "2700+10"]

1. e4 e6 2. d4 d5 3. Nc3 Bb4 4. e5 c5 5. a3 Bxc3+ 6. bxc3 cxd4 7. cxd4 Ne7
8. Bd3 O-O 9. Qg4 Ng6 10. h4 f5 11. Qg3 Qb6 12. Nf3 Nc6 13. c3 Qb3 14. Bd2
Qb6 15. h5 Nh8 16. O-O Qc7 17. Rac1 Qe7 18. Bg5 Qxa3 19. Bf6 Rf7 20. h6 g6
21. Kh1 Qf8 22. Bg7 Qe8 23. c4 Ne7 24. Ng5 Nc6 25. Nxf7 Qxf7 26. Qf4 Bd7 27.
cxd5 exd5 28. Rb1 Be6 29. Rfc1 Rc8 30. Bb5 Qe7 31. Bxc6 bxc6 32. Bf6 Qf7 33.
Rb2 Qd7 34. Bxh8 Kxh8 35. Qg5 Qf7 36. Rcb1 Kg8 37. Rb7 Bd7 38. Rxa7 Re8 39.
Rbb7 Re7 40. Ra8+ Re8 41. Rxe8+ Qxe8 42. Qf6 Qf7 43. Qxf7+ Kxf7 44. Rxd7+
Ke6 45. Rd6+ {Black resigns} 1-0

[Event "ICC tourney 2067 (45 10)"]
[Site "Internet Chess Club"]
[Date "2020.10.17"]
[Round "1"]
[White "raremystery"]
[Black "SunnyCountry"]
[Result "1-0"]
[ICCResult "Black resigns"]
[WhiteElo "1682"]
[BlackElo "1351"]
[Opening "Sicilian: Najdorf"]
[ECO "B90"]
[NIC "SI.14"]
[Time "11:06:35"]
[TimeControl "2700+10"]

1. e4 c5 2. Nf3 d6 3. d4 cxd4 4. Nxd4 Nf6 5. Nc3 a6 6. f3 e6 7. Be3 b5 8.
Qd2 Qc7 9. g4 Bb7 10. g5 Nfd7 11. O-O-O Ne5 12. Be2 Nbd7 13. f4 Nc4 14. Bxc4
Qxc4 15. Rhf1 Rc8 16. Kb1 b4 17. Nce2 Bxe4 18. Ng3 Bd5 19. Nb3 a5 20. Nc1 a4
21. f5 a3 22. fxe6 Bxe6 23. Rf4 Qb5 24. Rxb4 Qa6 25. Re1 axb2 26. Rxb2 Be7
27. Nb3 Rb8 28. Qc3 Rg8 29. Nh5 g6 30. Ng7+ Kd8 31. Nxe6+ fxe6 32. Ka1 Bf8
33. Nd4 Rxb2 34. Qxb2 e5 35. Ne6+ Ke7 36. Nxf8 Rxf8 37. Qb4 Rb8 38. Qh4 Nf8
39. Qf2 Ra8 40. c3 Qa3 41. Qd2 Nd7 42. Rb1 Nc5 43. Bxc5 Qxc5 44. Rb7+ Ke6
45. Qd3 Ra3 46. Qh3+ Kd5 47. Qf3+ e4 48. Qf7+ Kc6 49. Rc7+ Kb6 50. Rxc5 Kxc5
51. Qf2+ Kd5 52. Qd4+ Kc6 53. Qxe4+ Kd7 54. Qb7+ Ke6 55. Qxh7 Rxc3 56. Qxg6+
Kd7 57. Qg7+ {Black resigns} 1-0

[Event "ICC tourney 2067 (45 10)"]
[Site "Internet Chess Club"]
[Date "2020.10.17"]
[Round "1"]
[White "tricksterssbu"]
[Black "WizardY"]
[Result "0-1"]
[ICCResult "White resigns"]
[WhiteElo "1672"]
[BlackElo "1468"]
[Opening "Sicilian: dragon, Yugoslav attack, 9...Bd7"]
[ECO "B77"]
[NIC "SI.18"]
[Time "11:06:41"]
[TimeControl "2700+10"]

1. e4 c5 2. Nf3 d6 3. d4 cxd4 4. Nxd4 Nf6 5. Nc3 g6 6. f3 Bg7 7. Be3 O-O 8.
Bc4 Nc6 9. Qd2 Bd7 10. g4 Rc8 11. Bb3 Nxd4 12. Bxd4 a5 13. h4 b5 14. a4 b4
15. Ne2 Be6 16. Bxe6 fxe6 17. h5 e5 18. Be3 d5 19. exd5 Qxd5 20. Rh3 Qxd2+
21. Kxd2 e4 22. Rg1 exf3 23. Nd4 f2 24. Rf1 Nxg4 25. hxg6 hxg6 26. Ne6 Nxe3
27. Rxe3 Bh6 28. Nxf8 Bxe3+ 29. Kxe3 Rxf8 30. Ke2 g5 31. c4 bxc3 32. bxc3 g4
33. Rh1 g3 34. Kf1 Rf6 35. Kg2 f1=Q+ 36. Rxf1 Rxf1 37. Kxf1 Kf7 38. Kg2 Ke6
39. Kxg3 Kd5 40. Kf4 Kc4 {White resigns} 0-1

[Event "ICC tourney 2067 (45 10)"]
[Site "Internet Chess Club"]
[Date "2020.10.17"]
[Round "1"]
[White "importantheart"]
[Black "orwind"]
[Result "1-0"]
[ICCResult "Black resigns"]
[WhiteElo "1746"]
[BlackElo "1492"]
[Opening "Sicilian defense"]
[ECO "B40"]
[NIC "SI.43"]
[Time "11:06:33"]
[TimeControl "2700+10"]

1. e4 c5 2. Nf3 e6 3. c3 d5 4. exd5 exd5 5. d4 c4 6. Bf4 Nf6 7. Be2 Be7 8.
O-O O-O 9. Qc2 Nc6 10. h3 Be6 11. Nbd2 Qd7 12. Rad1 b5 13. b3 Bf5 14. Qb2
Bd6 15. Ne5 Qc7 16. Ndf3 Nd7 17. Nxc6 Qxc6 18. Bxd6 Qxd6 19. Nh4 Be6 20. f4
Qe7 21. Nf3 Bf5 22. Ne5 f6 23. Nxd7 Qxd7 24. Rde1 Rae8 25. Qa3 Be4 26. Bg4
Qf7 27. Qc5 Bd3 28. Rxe8 Rxe8 29. Rf2 a6 30. Qc6 Kf8 31. Qxa6 Qe7 32. Kh2
Qe1 33. Qd6+ Re7 34. Rf3 Be4 35. Rg3 Bg6 36. Qxd5 cxb3 37. axb3 Be8 38. c4
bxc4 39. bxc4 Qd2 40. Qd6 Qe1 41. c5 h5 42. Bf5 h4 43. Rf3 Bh5 44. Rb3 Bf7
45. Rb8+ Be8 46. Rxe8+ Kxe8 47. Bg6+ Kf8 48. Qd8+ Re8 49. Qxe8+ Qxe8 50.
Bxe8 Kxe8 {Black resigns} 1-0

[Event "ICC tourney 2067 (45 10)"]
[Site "Internet Chess Club"]
[Date "2020.10.17"]
[Round "1"]
[White "bonnelleo1"]
[Black "kavyameiyappan"]
[Result "1/2-1/2"]
[ICCResult "Game drawn by mutual agreement"]
[WhiteElo "1896"]
[BlackElo "1642"]
[Opening "Queen's pawn, Mason variation"]
[ECO "D00"]
[NIC "QP.08"]
[Time "11:06:33"]
[TimeControl "2700+10"]

1. d4 d5 2. Bf4 Nf6 3. e3 Bf5 4. c3 e6 5. Qb3 b6 6. Nf3 Bd6 7. Ne5 O-O 8.
Be2 c6 9. Nd2 Qc7 10. Ndf3 Bxe5 11. Nxe5 Qe7 12. O-O Nfd7 13. a4 Nxe5 14.
Bxe5 Nd7 15. Bg3 c5 16. Qa3 e5 17. Bb5 e4 18. Bc6 Rac8 19. Bxd5 Nf6 20. Bc4
Be6 21. Ba6 Rcd8 22. dxc5 bxc5 23. Rfd1 Nh5 24. Be2 Nxg3 25. hxg3 Qc7 26.
Rxd8 Rxd8 27. b4 cxb4 28. Qxb4 Rc8 29. Rc1 Bc4 30. Bxc4 Qxc4 31. Rb1 h6 32.
a5 Qxc3 33. Qxc3 Rxc3 34. Rb8+ Kh7 35. Rb7 a6 36. Rb6 Rc1+ 37. Kh2 Rc2 38.
Rxa6 Rxf2 39. Ra7 Kg6 40. Re7 Ra2 41. Re5 f5 42. Rb5 Ra3 43. Rb6+ Kf7 44. a6
Rxe3 45. Kg1 Ra3 46. Kf2 g6 47. Rb7+ Kf6 48. a7 Kg5 49. Rc7 h5 50. Rb7 f4
51. gxf4+ Kxf4 52. Rf7+ Kg5 53. Re7 Kf4 54. Rf7+ Kg5
{Game drawn by mutual agreement}
1/2-1/2